AoeStats
← Swareee

Arabian Desert

510424841Analyzed
1v1 RM · 1d ago on Oct 1, 2026· 34m 59s· 2 players
Game mode
Random Map
Map size
Tiny (2 player)
Population
200
Speed
Normal
Resources
Standard
Victory
Conquest
Starting age
Dark Age
Ending age
Imperial Age
RankedLock teamsTeams togetherTeam positionsShared explorationLock speedFull tech treeHidden civsTurbo modeCheats
Victory
Defeat
🇨🇳 Vikings · China
1832
+14
🇧🇷 Burgundians · Brazil
1796
-14
Fs.Costinha
6:30 Loom
9:04 Feudal Age
8:04 Double-Bit Axe
9:54 Horse Collar
17:39 Forging
21:24 Castle Age
20:11 Scale Barding Armor
20:19 Gold Mining
23:20 Bow Saw
24:09 Iron Casting
22:56 Man-at-Arms
26:22 Scale Mail Armor
25:44 Long Swordsman
32:24 Two-Man Saw
33:12 Squires
33:42 Town Watch
34:56 Fletching
Swareee
6:13 Loom
9:04 Feudal Age
9:51 Double-Bit Axe
19:10 Forging
21:05 Castle Age
19:53 Gold Mining
19:45 Horse Collar
20:42 Scale Mail Armor
21:53 Squires
22:10 Chain Mail Armor
23:05 Iron Casting
23:31 Arson
28:13 Crossbowman
28:53 Fletching
29:55 Bodkin Arrow
30:17 Bow Saw
34:52 Imperial Age
32:08 Town Watch
32:19 Stone Mining
33:00 Ballistics
Connection lost

Rejoining the realm…

Still unreachable

The connection could not be restored.

Session expired

The server has moved on; the page needs a fresh start.